AoeStats
← 117800329

Arena

508777650Analyzed
1v1 RM · 8d ago on Sep 24, 2026· 51m 6s· 2 players
Game mode
Random Map
Map size
Tiny (2 player)
Population
200
Speed
Normal
Resources
Standard
Victory
Conquest
Starting age
Dark Age
Ending age
Imperial Age
RankedLock teamsTeams togetherTeam positionsShared explorationLock speedFull tech treeHidden civsTurbo modeCheats
Victory
Defeat
🇨🇳 Portuguese · China
589
+18
🇦🇷 Persians · Argentina
632
-18
cronathor
13:02 Feudal Age
17:49 Castle Age
18:30 Double-Bit Axe
22:57 Imperial Age
20:50 Bow Saw
25:00 Gold Mining
27:32 Wheelbarrow
29:11 Gold Shaft Mining
29:25 Hand Cart
30:56 Two-Man Saw
31:37 Forging
31:33 Scale Barding Armor
31:17 Cavalier
31:58 Husbandry
32:09 Bloodlines
31:56 Fletching
32:06 Padded Archer Armor
33:58 Iron Casting
33:45 Chain Barding Armor
35:08 Stone Mining
36:44 Stone Shaft Mining
36:14 Loom
37:46 Blast Furnace
37:22 Plate Barding Armor
37:11 Savar
40:47 Pikeman
41:14 Gambesons
41:31 Halberdier
42:48 Crossbowman
44:49 Man-at-Arms
47:09 Thumb Ring
47:38 Kamandaran
48:13 Thumb Ring
117800329
12:28 Feudal Age
14:15 Double-Bit Axe
18:23 Castle Age
16:41 Horse Collar
19:03 Pikeman
20:42 Scale Mail Armor
20:57 Forging
21:44 Loom
24:00 Chain Mail Armor
24:33 Bow Saw
24:32 Gold Mining
24:35 Stone Mining
24:44 Stone Mining
28:08 Iron Casting
30:01 Heavy Plow
35:17 Imperial Age
35:31 Wheelbarrow
35:58 Halberdier
37:12 Plate Mail Armor
37:43 Blast Furnace
36:45 Padded Archer Armor
36:38 Fletching
39:28 Chemistry
38:49 Ballistics
38:23 Elite Organ Gun
42:47 Leather Archer Armor
42:28 Bodkin Arrow
44:56 Ring Archer Armor
44:26 Bracer
Connection lost

Rejoining the realm…

Still unreachable

The connection could not be restored.

Session expired

The server has moved on; the page needs a fresh start.